 Dungeon Crawl Stone Soup version bcrawl-1.38.3 (webtiles) character file.

Game seed: 10977540310343021093

477053 Mrkan the Protected (level 11, -4/86 HPs)
             Began as a Gnoll Wanderer on May 31, 2023.
             Was a Believer of Ashenzari.
             Engulfed by Fannar's freezing vapour (16 damage)
             ... on level 2 of the Lair of Beasts on June 1, 2023.
             The game lasted 00:22:11 (8068 turns).

Mrkan the Protected (Gnoll Wanderer)                Turns: 8068, Time: 00:22:11

Health: -4/86      AC: 15    Str: 20    XL:     11   Next: 80%
Magic:  20/20      EV: 17    Int: 14    God:    Ashenzari [**....]
Gold:   477        SH: 12    Dex: 17    Spells: 23/23 levels left

rFire    . . .     GDR:     36% o - +2 dagger (elec)
rCold    . . .     SeeInvis +   j - +0 medium shield
rNeg     . . .     Gourm    .   p - +3 ring mail {rPois} (curse)
rPois    +         Faith    .   B - +0 helmet (curse)
rElec    .         Spirit   .   v - +2 cloak
rCorr    .         Reflect  .   (no gloves)
MR       .....                  (no boots)
Stlth    +++.......             q - amulet of Vision {SInv *Curse} (curse)
HPRegen  0.24/turn              g - +4 ring of evasion (curse)
MPRegen  0.17/turn              r - +4 ring of strength

@: no status effects
A: distributed training, fangs 1, strong nose
a: Curse Item, Scrying, Renounce Religion


You were on level 2 of the Lair of Beasts.
You worshipped Ashenzari.
Ashenzari was pleased with you.
You were not hungry.

You visited 3 branches of the dungeon, and saw 10 of its levels.

You collected 477 gold pieces.

Inventory:

Hand Weapons
 a - a +3 hand crossbow
 o - a +2 dagger of electrocution (weapon)
 F - the +10 rapier of Kipughat {drain, rPois rC+ Str-4 SInv}
   (You found it on level 1 of the Lair of Beasts)

   A truly terrible weapon, it drains the life of those it strikes.
   It affects your strength (-4).
   It protects you from cold.
   It protects you from poison.
   It lets you see invisible.
 M - a +0 scimitar of flaming
Missiles
 b - 309 bolts
Armour
 c - a +0 ring mail
 h - a +0 plate armour
 j - a +0 medium shield (worn)
 p - a cursed +3 ring mail of poison resistance (worn)
 v - a +2 cloak (worn)
 B - a cursed +0 helmet (worn)
 D - a +0 helmet
 I - a +0 pair of gloves
Jewellery
 g - a cursed +4 ring of evasion (left hand)
 q - the cursed amulet of Vision (around neck) {SInv *Curse}
   (You found it in the Ecumenical Temple)

   [amulet of nothing]

   It lets you see invisible.
   It curses itself when equipped.
   It has a curse placed upon it.
 r - a +4 ring of strength (right hand)
 s - an uncursed ring of fire
 u - the ring of Ufag {rC+ Stlth--}
   (You found it on level 6 of the Dungeon)

   [ring of attention]

   It protects you from cold.
   It makes you much less stealthy.
 G - a cursed ring of ice
 K - an uncursed amulet of magic regeneration
Wands
 n - a wand of polymorph (6)
 t - a wand of acid (15)
 y - a wand of random effects (8)
 L - a wand of flame (8)
Scrolls
 f - a scroll of enchant weapon
 i - 9 scrolls of identify
 m - a scroll of immolation
 x - a scroll of enchant armour
 E - 2 scrolls of teleportation
 H - 2 scrolls of remove curse
Potions
 d - 6 potions of curing
 k - 4 potions of brilliance
 w - 5 potions of might
 z - a potion of ambrosia
 A - a potion of cancellation {unknown}
 C - a potion of agility {unknown}
 N - a potion of flight {unknown}
Comestibles
 e - 8 rations {!d}
 l - 5 chunks of flesh


   Skills:
 + Level 8.0(9.5) Fighting
 + Level 6.5(8.0) Short Blades
 + Level 6.5(8.0) Long Blades
 + Level 6.5(8.0) Axes
 + Level 8.0(9.5) Maces & Flails
 + Level 6.5(8.0) Polearms
 + Level 6.5(8.0) Staves
 + Level 6.5(8.0) Slings
 + Level 6.5(8.0) Bows
 + Level 8.0(9.5) Crossbows
 + Level 6.5(8.0) Throwing
 + Level 8.0(9.5) Armour
 + Level 6.5(8.0) Dodging
 + Level 6.5(8.0) Stealth
 + Level 7.1(8.5) Shields
 + Level 6.5(8.0) Unarmed Combat
 + Level 6.5(8.0) Spellcasting
 + Level 5.4(6.9) Conjurations
 + Level 5.4(6.9) Hexes
 + Level 5.4(6.9) Charms
 + Level 5.4(6.9) Summonings
 + Level 5.4(6.9) Necromancy
 + Level 5.4(6.9) Translocations
 + Level 5.4(6.9) Transmutations
 + Level 5.4(6.9) Fire Magic
 + Level 5.4(6.9) Ice Magic
 + Level 5.4(6.9) Air Magic
 + Level 5.4(6.9) Earth Magic
 + Level 5.4(6.9) Poison Magic
 + Level 7.1(8.5) Invocations
 + Level 7.1(8.5) Evocations


You had 23 spell levels left.
You didn't know any spells.
Your spell library contained the following spells:

 Spells                   Type           Power        Failure   Level  Hunger
 Necrotize                Necr           ####..       8%          1    None
 Vampiric Draining        Necr           ####......   22%         3    None
 Agony                    Necr           ####....     58%         4    ###....
 Animate Dead             Necr           N/A          58%         4    ###....
 Dispel Undead            Necr           ####....     90%         5    #####..


Dungeon Overview and Level Annotations

Branches:
Dungeon (7/12)             Temple (1/1) D:4            Lair (2/6) D:7
 Spider (0/3) Lair:2
  Swamp: Lair:2-4    Shoals: Lair:2-4     Snake: Lair:2-4

Altars:
Ashenzari
Cheibriados
Dithmenos
Elyvilon
Fedhas
Gozag
Hepliaklqana
Lugonu
Makhleb
Nemelex Xobeh
Okawaru
Qazlal
Ru
Sif Muna
Trog
Uskayaw
Vehumet
Wu Jian
Xom
Yredelemnul
Zin
The Shining One

Shops:
D:5 =   D:6 ?[[!!

Annotations:
Lair:1 3 runed translucent doors, petercordia3's ghost, journeyman FoCK
Lair:2 Fannar


Innate Abilities, Weirdness & Mutations

Your experience applies equally to all skills.
You have very sharp teeth.
Your uncanny sense of smell can sniff out nearby items.


Message History

You closely miss Fannar.
Fannar is almost dead.
You block the ice beast's attack. Fannar hits you but does no damage.
Fannar freezes you!
* * * LOW HITPOINT WARNING * * *
You miss Fannar.
Fannar is almost dead.
The ice beast completely misses you.
You hit Fannar.
Fannar is almost dead.
The ice beast misses you. Fannar misses you.
You feel better. You block the ice beast's attack.
The ice beast closely misses you. Fannar misses you.
Fannar points at you and mumbles some strange words.
The freezing cloud engulfs the ice beast.
The ice beast completely resists.
You are engulfed in freezing vapours.
* * * LOW HITPOINT WARNING * * *
You feel better.
You are engulfed in freezing vapours.
You die...

* .######### ## *
.P.#P#...# #.####
........... .....
.......... .#.# P * *
#.#.....#* #..# ..
,###......###..##..#
,
....+....e○○○.P....#
,
...#......{#Y○PP#...
*
..........##@○P....#
* ..##.....##.####..#
#......###.###..##
,##......#..##.P.P# ,
...................#
∆..................#
,......$.....?......#
.#.##..............#
,
♣.................##


You could see an ice beast.

Vanquished Creatures
  A hydra (Lair:2)
  Erica (Lair:1)
  2 black mambas (Lair:2)
  5 cane toads
  3 komodo dragons
  3 jumping spiders (Lair:2)
  2 rime drakes
  Grinder (D:6)
  4 blink frogs
  Prince Ribbit (D:7)
  A hippogriff (Lair:2)
  Grum (Lair:2)
  14 yaks
  A hungry ghost (D:6)
  4 crocodiles (Lair:1)
  A water moccasin (Lair:1)
  A porcupine (Lair:2)
  An orc warrior (D:6)
  A phantom (D:3)
  3 wolves (Lair:2)
  An ogre (D:7)
  5 bullfrogs
  2 scorpions
  2 howler monkeys (D:7)
  3 orc priests
  3 crimson imps
  A bullfrog zombie (D:7)
  3 hounds
  A jelly (D:6)
  4 orc wizards
  2 bullfrog skeletons
  3 iguanas
  Ijyb (D:3)
  5 worker ants
  A hound zombie (D:7)
  A hound skeleton (D:4)
  A worker ant zombie (D:5)
  11 adders
  A shadow imp (D:6)
  An adder skeleton (D:4)
  2 worms (D:4)
  3 dart slugs
  3 leopard geckos
  13 orcs
  3 giant cockroaches
  3 goblins
  10 hobgoblins
  5 kobolds
  3 quokkas
  A ball python (D:2)
  6 bats
  A frilled lizard (D:1)
  A quokka skeleton (D:3)
  5 rats
  A butterfly (Lair:1)
  A plant (D:7)
164 creatures vanquished.

Vanquished Creatures (others)
  3 fungi
  2 plants (Lair:2)
5 creatures vanquished.

Grand Total: 169 creatures vanquished

Notes
Turn   | Place    | Note
-------+----------+-------------------------------------------
     0 | D:1      | Mrkan the Gnoll Wanderer began the quest for the Orb.
     0 | D:1      | Mrkan set off with the following items: a +2 hand crossbow,
                  | 135 bolts, a +0 ring mail, a potion of curing, a ration
                  | {!d}
     0 | D:1      | Reached XP level 1. HP: 20/20 MP: 2/2
    55 | D:1      | Reached XP level 2. HP: 26/26 MP: 3/3
   824 | D:2      | Reached XP level 3. HP: 31/31 MP: 4/4
  1343 | D:2      | Reached skill level 1 in Invocations
  1553 | D:3      | Reached skill level 1 in Short Blades
  1553 | D:3      | Reached skill level 1 in Long Blades
  1553 | D:3      | Reached skill level 1 in Axes
  1553 | D:3      | Reached skill level 1 in Polearms
  1553 | D:3      | Reached skill level 1 in Staves
  1553 | D:3      | Reached skill level 1 in Slings
  1553 | D:3      | Reached skill level 1 in Bows
  1553 | D:3      | Reached skill level 1 in Throwing
  1553 | D:3      | Reached skill level 1 in Dodging
  1553 | D:3      | Reached skill level 1 in Stealth
  1553 | D:3      | Reached skill level 1 in Unarmed Combat
  1553 | D:3      | Reached skill level 1 in Spellcasting
  1589 | D:3      | Reached XP level 4. HP: 36/38 MP: 6/6
  1615 | D:3      | Noticed a phantom
  1626 | D:3      | Killed a phantom
  1627 | D:3      | Reached skill level 1 in Conjurations
  1627 | D:3      | Reached skill level 1 in Hexes
  1627 | D:3      | Reached skill level 1 in Charms
  1627 | D:3      | Reached skill level 1 in Summonings
  1627 | D:3      | Reached skill level 1 in Necromancy
  1627 | D:3      | Reached skill level 1 in Translocations
  1627 | D:3      | Reached skill level 1 in Transmutations
  1627 | D:3      | Reached skill level 1 in Fire Magic
  1627 | D:3      | Reached skill level 1 in Ice Magic
  1627 | D:3      | Reached skill level 1 in Air Magic
  1627 | D:3      | Reached skill level 1 in Earth Magic
  1627 | D:3      | Reached skill level 1 in Poison Magic
  1627 | D:3      | Reached XP level 5. HP: 39/43 MP: 7/7
  1972 | D:3      | Noticed Ijyb
  1977 | D:3      | Killed Ijyb
  1978 | D:3      | Reached XP level 6. HP: 46/50 MP: 8/8
  2015 | D:3      | Found a glowing golden altar of the Shining One.
  2015 | D:3      | Found an ornate altar of the Wu Jian Council.
  2163 | D:4      | Found a staircase to the Ecumenical Temple.
  2174 | Temple   | Entered the Ecumenical Temple
  2595 | Temple   | Became a worshipper of Ashenzari the Shackled
  2596 | Temple   | Found the cursed amulet of Vision {SInv *Curse}
  2664 | D:4      | Reached skill level 5 in Fighting
  2664 | D:4      | Reached skill level 5 in Maces & Flails
  2664 | D:4      | Reached skill level 5 in Crossbows
  2664 | D:4      | Reached skill level 5 in Armour
  2757 | D:4      | Reached XP level 7. HP: 56/56 MP: 10/10
  3179 | D:5      | Entered Level 5 of the Dungeon
  3226 | D:5      | Found Himekhos's Jewellery Boutique.
  3546 | D:5      | Reached * piety under Ashenzari
  3937 | D:6      | Noticed Grinder
  3938 | D:6      | Paralysed by Grinder for 2 turns
  3946 | D:6      | Killed Grinder
  3947 | D:6      | Reached XP level 8. HP: 57/63 MP: 10/12
  4057 | D:6      | Found Eboot's Distillery.
  4338 | D:6      | Noticed a yak
  4339 | D:6      | Identified the ring of Ufag {rC+ Stlth--}
  4341 | D:6      | Killed a yak
  4344 | D:6      | Noticed a yak
  4344 | D:6      | Noticed a yak
  4344 | D:6      | Noticed a yak
  4344 | D:6      | Noticed a yak
  4344 | D:6      | Noticed a yak
  4390 | D:6      | Killed a yak
  4395 | D:6      | Killed a yak
  4396 | D:6      | Reached XP level 9. HP: 32/69 MP: 14/14
  4521 | D:6      | Found Novucytz's Antique Armour Emporium.
  4650 | D:6      | Found Xamut's Magic Scroll Shop.
  4706 | D:6      | Found Kakk's Antique Armour Shop.
  4788 | D:6      | Found Plog's Distillery.
  5036 | D:7      | Noticed Prince Ribbit
  5040 | D:7      | Reached skill level 5 in Shields
  5040 | D:7      | Reached skill level 5 in Evocations
  5047 | D:7      | Killed Prince Ribbit
  5279 | D:7      | Found an iron altar of Okawaru.
  5745 | D:7      | Reached skill level 5 in Invocations
  5764 | D:7      | Found a staircase to the Lair.
  5765 | D:7      | Noticed a komodo dragon
  5786 | D:7      | Killed a komodo dragon
  5791 | Lair:1   | Entered Level 1 of the Lair of Beasts
  5791 | Lair:1   | Noticed a komodo dragon
  5808 | Lair:1   | Killed a komodo dragon
  5809 | Lair:1   | Reached XP level 10. HP: 8/77 MP: 15/17
  5967 | Lair:1   | Got the rapier of Kipughat {drain, rPois rC+ Str-4 SInv}
  5977 | Lair:1   | Noticed a cane toad
  5980 | Lair:1   | Noticed a cane toad
  5995 | Lair:1   | Killed a cane toad
  6000 | Lair:1   | Killed a cane toad
  6001 | Lair:1   | Reached skill level 5 in Short Blades
  6001 | Lair:1   | Reached skill level 5 in Long Blades
  6001 | Lair:1   | Reached skill level 5 in Axes
  6001 | Lair:1   | Reached skill level 5 in Polearms
  6001 | Lair:1   | Reached skill level 5 in Staves
  6001 | Lair:1   | Reached skill level 5 in Slings
  6001 | Lair:1   | Reached skill level 5 in Bows
  6001 | Lair:1   | Reached skill level 5 in Throwing
  6001 | Lair:1   | Reached skill level 5 in Dodging
  6001 | Lair:1   | Reached skill level 5 in Stealth
  6001 | Lair:1   | Reached skill level 5 in Unarmed Combat
  6001 | Lair:1   | Reached skill level 5 in Spellcasting
  6089 | Lair:1   | Noticed petercordia3's ghost (journeyman FoCK)
  6090 | Lair:1   | Found a runed translucent gate.
  6090 | Lair:1   | Found a runed translucent gate.
  6090 | Lair:1   | Found a runed translucent gate.
  6187 | Lair:1   | Noticed a cane toad
  6221 | Lair:1   | Killed a cane toad
  6236 | Lair:1   | HP: 2/79 [yak (5)]
  6492 | Lair:1   | Noticed a cane toad
  6501 | Lair:1   | Killed a cane toad
  6625 | Lair:1   | Reached ** piety under Ashenzari
  6741 | Lair:1   | Noticed Erica
  6760 | Lair:1   | Killed Erica
  6761 | Lair:1   | Reached XP level 11. HP: 68/84 MP: 19/19
  7152 | Lair:2   | Noticed a four-headed hydra
  7165 | Lair:2   | Killed a four-headed hydra
  7188 | Lair:2   | Found a hole to the Spider Nest.
  7286 | Lair:2   | HP: 1/84 [jumping spider (18)]
  7288 | Lair:2   | Reached skill level 5 in Conjurations
  7288 | Lair:2   | Reached skill level 5 in Hexes
  7288 | Lair:2   | Reached skill level 5 in Charms
  7288 | Lair:2   | Reached skill level 5 in Summonings
  7288 | Lair:2   | Reached skill level 5 in Necromancy
  7288 | Lair:2   | Reached skill level 5 in Translocations
  7288 | Lair:2   | Reached skill level 5 in Transmutations
  7288 | Lair:2   | Reached skill level 5 in Fire Magic
  7288 | Lair:2   | Reached skill level 5 in Ice Magic
  7288 | Lair:2   | Reached skill level 5 in Air Magic
  7288 | Lair:2   | Reached skill level 5 in Earth Magic
  7288 | Lair:2   | Reached skill level 5 in Poison Magic
  7507 | Lair:2   | Noticed Grum
  7534 | Lair:2   | Killed Grum
  8006 | Lair:2   | Noticed Fannar
  8067 | Lair:2   | HP: 1/86 [something] (15)]
  8068 | Lair:2   | Engulfed by Fannar's freezing vapour

Skill      XL: |  1  2  3  4  5  6  7  8  9 10 11 |
---------------+----------------------------------+-----
Invocations    | 1 2 3 4 5 6 7 |  7.1
Short Blades   | 1 2 3 4 5 6 |  6.5
Long Blades    | 1 2 3 4 5 6 |  6.5
Axes           | 1 2 3 4 5 6 |  6.5
Polearms       | 1 2 3 4 5 6 |  6.5
Staves         | 1 2 3 4 5 6 |  6.5
Slings         | 1 2 3 4 5 6 |  6.5
Bows           | 1 2 3 4 5 6 |  6.5
Throwing       | 1 2 3 4 5 6 |  6.5
Dodging        | 1 2 3 4 5 6 |  6.5
Stealth        | 1 2 3 4 5 6 |  6.5
Unarmed Combat | 1 2 3 4 5 6 |  6.5
Spellcasting   | 1 2 3 4 5 6 |  6.5
Conjurations   | 1 2 3 4 5 |  5.4
Hexes          | 1 2 3 4 5 |  5.4
Charms         | 1 2 3 4 5 |  5.4
Summonings     | 1 2 3 4 5 |  5.4
Necromancy     | 1 2 3 4 5 |  5.4
Translocations | 1 2 3 4 5 |  5.4
Transmutations | 1 2 3 4 5 |  5.4
Fire Magic     | 1 2 3 4 5 |  5.4
Ice Magic      | 1 2 3 4 5 |  5.4
Air Magic      | 1 2 3 4 5 |  5.4
Earth Magic    | 1 2 3 4 5 |  5.4
Poison Magic   | 1 2 3 4 5 |  5.4
Shields        | 3 4 5 6 7 |  7.1
Evocations     | 3 4 5 6 7 |  7.1
Fighting       | 5 6 7 8 |  8.0
Maces & Flails | 5 6 7 8 |  8.0
Crossbows      | 5 6 7 8 |  8.0
Armour         | 5 6 7 8 |  8.0

Action                   |  1- 3 |  4- 6 |  7- 9 | 10-12 || total
-------------------------+-------+-------+-------+-------++-------
Melee: Dagger            |       |       |   138 |   300 ||   438
       Bite              |       |       |    23 |    54 ||    77
       Punch             |       |       |     2 |       ||     2
 Fire: Hand crossbow     |    71 |    81 |   122 |       ||   274
Invok: Curse Item        |       |     3 |     1 |       ||     4
  Use: Scroll            |       |       |    13 |       ||    13
       Potion            |       |       |       |     5 ||     5
 Stab: Sleeping          |       |       |       |     5 ||     5
  Eat: Chunk             |     4 |     7 |    16 |     9 ||    36
       Ration            |       |       |       |     1 ||     1
Armor: Ring mail         |     8 |     9 |    30 |    59 ||   106
Dodge: Dodged            |    16 |    34 |   101 |   135 ||   286
Block: Medium shield     |       |       |    19 |   116 ||   135
